Cogmind - Beta 14 @@@ ROGUE MODE // 2025.03.08 @ 11:44:04 Player: Lava Result: Destroyed by P-70 Sage with High-powered Shock Rifle Performance ------------- Evolutions (5) 2500 Regions Visited (8) 1600 Robots Destroyed (90) 450 Value Destroyed (3099) 3099 Prototype IDs (12) 240 Alien Tech Used (0) 0 Bonus (562) 562 TOTAL SCORE: 8451 Bonus ------- High Alert Combat Kills 62 Entered DSFs 500 Cogmind --------- Core Integrity 0/1000 Matter 285/300 Energy 100/100 System Corruption 16% Temperature Cool (0) Movement Core (1350) Ox26 Location -5/Factory Parts ------- > --- POWER (1) -------- (None) > --- PROPULSION (4) --- (None) > --- UTILITY (6) ------ Huge Storage Unit Improved Signal Interpreter Terrain Scan Processor Melee Analysis Suite > --- WEAPON (6) ------- (None) > --- INVENTORY (25) --- Light Fission Core Carbon-fiber Leg Carbon-fiber Leg Structural Scanner Improved Terrain Scan Processor Improved Terrain Scan Processor Core Analyzer Recoil Stabilizer Kinecellerator Weapon Cycler Weapon Cycler ECM Suite Reaction Control System Improved Power Shielding Improved Medium Armor Plating Shock Absorption System Point Defense System Component Analysis Suite Peak State ------------ > --- POWER ------------ Light Fission Core > --- PROPULSION ------- Armored Treads Medium Treads Armored Medium Treads Armored Medium Treads > --- UTILITY ---------- Huge Storage Unit Improved Signal Interpreter Terrain Scanner Terrain Scan Processor Matter Filter Authchip [Armor] > --- WEAPON ----------- Heavy Ion Cannon Proton Missile Launcher Heavy Rocket Launcher Smartbomb Launcher Powered Hammer > --- INVENTORY -------- Micro Nuclear Core Light Fission Core Armored Treads Structural Scanner Improved Terrain Scan Processor Improved Terrain Scan Processor Melee Analysis Suite Core Analyzer Recoil Stabilizer Kinecellerator Weapon Cycler Weapon Cycler ECM Suite Reaction Control System Improved Power Shielding Shock Absorption System Point Defense System Component Analysis Suite Long-range Tractor Beam [Rating: 73] Favorites ----------- Power Light Nuclear Core Engine Light Ion Engine Power Core Light Nuclear Core Propulsion Armored Treads Treads Armored Treads Leg Flexi-carbon Leg Flight Unit Flight Unit Utility Sensor Array Device Sensor Array Storage Huge Storage Unit Processor Improved Signal Interpreter Hackware Hacking Suite Protection Hardened Light Armor Plating Weapon Spread Laser Energy Gun Spread Laser Energy Cannon Heavy Ion Cannon Ballistic Gun Autogun Ballistic Cannon Flak Cannon Launcher Rocket Launcher Impact Weapon Powered Hammer Slashing Weapon Greatsword Piercing Weapon Lance Special Melee Weapon Datajack Build | -11 -10 -10 -9 -8 -7 -6 -6 -5 ------- Run | Yrd Mat Min Mat Mat Fac Fac DSF Fac Slots Evolved 10 | . . . 2 2 2 2 . 2 Power . | . . . . . . . . . Propulsion 2 | . . . 2 . . . . . Utility 4 | . . . . 1 1 2 . . Weapon 4 | . . . . 1 1 . . 2 Parts Attached 113 | 6 6 5 41 11 9 3 10 22 Power 15 | 1 1 1 5 1 2 1 2 1 Engine 8 | 1 . 1 5 1 . . . . Core 7 | . 1 . . . 2 1 2 1 Reactor . | . . . . . . . . . Propulsion 36 | 2 . 2 15 4 1 . 6 6 Treads 21 | 2 . . 4 4 1 . 6 4 Leg 2 | . . . . . . . . 2 Wheel . | . . . . . . . . . Hover . | . . . . . . . . . Flight 13 | . . 2 11 . . . . . Utility 22 | 1 1 . 7 4 1 2 1 5 Device 11 | . 1 . 4 1 . 2 . 3 Storage 3 | 1 . . . 2 . . . . Processor 4 | . . . 1 1 . . . 2 Hackware 2 | . . . . . 1 . 1 . Protection 2 | . . . 2 . . . . . Artifact . | . . . . . . . . . Weapon 40 | 2 4 2 14 2 5 . 1 10 Energy Gun 15 | 1 1 1 8 1 1 . . 2 Energy Cannon 3 | . . . 1 . . . 1 1 Ballistic Gun 7 | 1 2 . 1 1 1 . . 1 Ballistic Cannon 2 | . . . . . 1 . . 1 Launcher 8 | . . . 4 . 1 . . 3 Special Weapon . | . . . . . . . . . Impact Weapon 1 | . . . . . 1 . . . Slashing Weapon 1 | . . . . . . . . 1 Piercing Weapon 1 | . . . . . . . . 1 Special Melee Weapon 2 | . 1 1 . . . . . . Unidentified Prototypes 3 | . . . 2 . . . . 1 Parts Lost 51 | . . 5 11 3 . . 9 23 Power 7 | . . 1 1 2 . . 1 2 Propulsion 20 | . . 2 8 . . . 3 7 Utility 9 | . . . 2 . . . 3 4 Weapon 15 | . . 2 . 1 . . 2 10 Highest Loss Streak 9 | . . 4 5 2 . . 4 9 To Critical Strikes . | . . . . . . . . . Average Slot Usage (%) 92 | . 98 93 87 98 99 100 85 79 Engine 4 | . 8 . 10 7 . . . . Core 4 | . 5 11 . . 7 6 5 4 Treads 25 | . 28 21 18 36 29 26 23 16 Flight 3 | . . 6 16 . . . . . Device 10 | . 12 14 10 9 7 20 13 10 Storage 6 | . 14 14 . 8 7 6 6 5 Processor 5 | . . . 3 9 7 6 6 11 Hackware 2 | . . . . . 7 6 3 4 Protection 1 | . . . 7 . . . . . Energy Gun 7 | . 8 . 15 10 5 6 2 2 Ballistic Gun 8 | . 19 21 . 9 14 6 4 . Ballistic Cannon 3 | . . . . . 7 6 6 3 Launcher 2 | . . . 3 7 . . . 5 Impact Weapon 1 | . . . . . 1 6 6 4 Peak Build Rating 73 | 6 9 9 17 28 47 55 62 73 Average Rating 30 | 4 7 8 13 21 40 54 53 57 On Entrance 24 | . 6 9 5 17 27 47 55 54 Naked Turns . | . . . . . . . . . Heaviest Build 125 | 12 13 13 19 94 104 111 111 125 Greatest Support 102 | 40 40 40 89 89 80 80 101 102 Greatest Overweight (x) 28 | . . 1 1 1 1 1 1 28 Average Overweight (x) . | . . . . . 1 1 1 1 Largest Inventory Capacity 25 | 8 8 8 5 25 25 25 25 25 Average Capacity 16 | 6 8 7 5 17 25 25 25 25 Most Carried 25 | 6 8 8 5 20 25 25 25 25 Average Carried 15 | 3 7 7 4 11 24 24 24 19 Final Capacity 25 | 8 8 5 5 25 25 25 25 25 Final Carried 25 | 6 8 5 5 20 25 25 25 18 Class Distribution -------------------- 49% | Skirmisher 43% | Mutant 3% | Executioner Dominant Class ---------------- Mutant | -10/Materials Mutant | -10/Mines Mutant | -9/Materials Skirmisher | -8/Materials Skirmisher | -7/Factory Skirmisher | -6/Factory Skirmisher | -6/DSF Mutant | -5/Factory Resources | -11 -10 -10 -9 -8 -7 -6 -6 -5 ----------- Run | Yrd Mat Min Mat Mat Fac Fac DSF Fac Matter Collected 2337 | 224 108 74 523 277 187 . 444 500 Remotely . | . . . . . . . . . Salvage Created 2804 | . 143 42 1012 375 187 . 362 683 Parts 173 | . 11 1 74 35 7 . 9 36 Haulers Intercepted . | . . . . . . . . . Recyclers Shooed 3 | . . . 2 . . . . 1 Parts Field Recycled . | . . . . . . . . . Retrieved Matter . | . . . . . . . . . Parts Self-Destructed . | . . . . . . . . . Prevented . | . . . . . . . . . Kills | -11 -10 -10 -9 -8 -7 -6 -6 -5 ------- Run | Yrd Mat Min Mat Mat Fac Fac DSF Fac Combat Hostiles Destroyed 78 | . 5 1 29 13 5 . 10 15 Melee 4 | . . . . 1 . . . 3 Guns 48 | . 5 1 23 11 5 . 3 . Cannons 12 | . . . . . . . 6 6 AOE 13 | . . . 6 1 . . . 6 Classes Destroyed 11 | . 2 . 4 2 1 . 2 . Worker 3 | . . . . 1 . . . 2 Builder 3 | . . . 1 1 . . . 1 Watcher 6 | . . . 3 2 1 . . . Swarmer 22 | . 3 . 7 6 . . 3 3 Grunt 35 | . 2 1 13 3 3 . 5 8 Brawler 1 | . . . 1 . . . . . Duelist 2 | . . . . . . . 1 1 Sentry 12 | . . . 8 3 . . . 1 Hunter 1 | . . . . 1 . . . . Programmer 4 | . . . . . 2 . . 2 Heavy 1 | . . . . . . . 1 . Best Kill Streak 7 | . 5 1 7 3 3 . 4 6 Combat Bots Only 6 | . 5 1 6 3 3 . 4 3 Max Kills in Single Turn 5 | . 1 1 3 2 1 . 1 5 Gunslinging 1 | . . . . 1 . . . . Exploded 3 | . . . 2 1 . . . 3 Melee 1 | . . . . 1 . . . 1 Uniques/NPCs Destroyed . | . . . . . . . . . Combat | -11 -10 -10 -9 -8 -7 -6 -6 -5 -------- Run | Yrd Mat Min Mat Mat Fac Fac DSF Fac Hostile Shots Fired 672 | . 35 51 121 75 39 . 108 243 Missed 173 | . 6 13 35 16 9 . 28 66 Damage Taken 8941 | . 268 564 1216 767 584 . 1626 3916 Core 1768 | . 51 165 262 112 79 . 86 1013 Absorbed by Shields 64 | . . . . . . . 64 . Regen/Repaired (Parts) 135 | . . . 19 . 116 . . . Core Remaining (%) 67 | 100 . 13 34 79 88 . 89 . Volleys Fired 238 | . 14 15 94 37 18 . 25 35 Largest 5 | . 2 2 2 3 4 . 3 5 Hottest 299 | . 60 40 130 153 160 . 152 299 Shots Fired 495 | . 27 31 132 80 59 . 68 98 Gun 350 | . 27 31 121 77 41 . 30 23 Cannon 116 | . . . . . 18 . 38 60 Launcher 29 | . . . 11 3 . . . 15 Special . | . . . . . . . . . Kinetic 217 | . 14 31 12 37 52 . 43 28 Thermal 208 | . 13 . 91 40 7 . 25 32 Explosive 22 | . . . 11 3 . . . 8 Electromagnetic 48 | . . . 18 . . . . 30 Robot Hit Streak 12 | . 4 7 12 5 5 . 8 7 Robot Miss Streak 11 | . 2 3 5 6 5 . 6 11 Penetration Max 1 | . . . . . . . 1 . Secondary Targets 8 | . 1 . 2 5 . . . . Max Gunslinging Chain 1 | . 1 . 1 1 . . . . Shots Hit Robots 332 | . 19 20 91 57 35 . 52 58 Core Hits 240 | . 9 3 68 47 20 . 40 53 Critical Kills 2 | . . . . . . . 2 . Critical Parts Destroyed 2 | . . . . . . . 2 . Critical Strikes 16 | . . . 5 . . . 4 7 Burn 5 | . . . 5 . . . . . Destroy 3 | . . . . . . . 3 . Blast 1 | . . . . . . . . 1 Smash 1 | . . . . . . . 1 . Sever 4 | . . . . . . . . 4 Impale 2 | . . . . . . . . 2 Melee Attacks 26 | . 2 . . . . . 2 22 Impact 4 | . . . . . . . 2 2 Slashing 13 | . . . . . . . . 13 Piercing 7 | . . . . . . . . 7 Sneak Attacks . | . . . . . . . . . Combat Hostiles . | . . . . . . . . . Follow-up Attacks 2 | . . . . . . . . 2 Damage Inflicted 7758 | . 159 151 1798 928 599 . 1390 2733 Guns 3406 | . 159 151 1294 745 399 . 520 138 Cannons 1890 | . . . . . 200 . 806 884 Explosions 1639 | . . . 503 167 . . . 969 Melee 806 | . . . . . . . 64 742 Ramming 17 | . . . 1 16 . . . . Kinetic 2433 | . 63 151 115 343 554 . 777 430 Thermal 2642 | . 96 . 1082 402 45 . 549 468 Explosive 1047 | . . . 393 167 . . . 487 Electromagnetic 813 | . . . 207 . . . . 606 Impact 144 | . . . . . . . 64 80 Slashing 487 | . . . . . . . . 487 Piercing 175 | . . . . . . . . 175 Highest Corruption 16 | . 2 2 . . 1 . . 16 Average Corruption 3 | . 2 2 . . 1 . . 6 Corruption Purged . | . . . . . . . . . Corruption Blocked . | . . . . . . . . . Effects 27 | . 4 2 . . 3 . . 18 Message Errors 6 | . 1 . . . 1 . . 4 Matter Fused 6 | . 1 1 . . 1 . . 3 Heat Flow Errors 3 | . . . . . . . . 3 Energy Discharges 2 | . . . . . 1 . . 1 Parts Rejected 2 | . . . . . . . . 2 Data Loss (minor) 6 | . 2 . . . . . . 4 Data Loss (major) 1 | . . . . . . . . 1 Misfires 1 | . . 1 . . . . . . Overload Shots . | . . . . . . . . . Overflow Damage 178 | . . . 46 . . . 37 95 Projectiles 15 | . . . . . . . . 15 Explosions 56 | . . . 46 . . . . 10 Melee 107 | . . . . . . . 37 70 Knockbacks 30 | . . . . . 9 . 9 12 Impact . | . . . . . . . . . Kinetic 30 | . . . . . 9 . 9 12 Secondary . | . . . . . . . . . Self-Inflicted Damage 148 | . . . 118 . . . . 30 Shots 4 | . . . 3 . . . . 1 Rammed 7 | . . . 1 6 . . . . Targets Rammed 8 | . . . 1 7 . . . . Kicked . | . . . . . . . . . Crushed 1 | . . . . 1 . . . . Highest Temperature 572 | . 96 56 486 491 285 . 129 572 Average Temperature 122 | . 35 18 115 101 87 . 47 254 Received Heat Transfer 2455 | . 42 390 438 297 252 . 346 690 Effects 24 | . . . 5 . . . . 19 Shutdowns 6 | . . . 1 . . . . 5 Energy Bleed 7 | . . . 1 . . . . 6 Interference 4 | . . . 3 . . . . 1 Matter Decay 2 | . . . . . . . . 2 Short Circuit 3 | . . . . . . . . 3 Damage (minor) 1 | . . . . . . . . 1 Damage (core) 1 | . . . . . . . . 1 Siege Activations . | . . . . . . . . . Robots Corrupted 1 | . . . . . . . 1 . Combat Hostiles 1 | . . . . . . . 1 . Parts Fried 4 | . . . 2 . . . 1 1 Impact Corruptions 2 | . . . . . . . 2 . Robots Melted . | . . . . . . . . . Combat Hostiles . | . . . . . . . . . Parts Melted 7 | . . . 7 . . . . . Heat Transferred 5059 | . 225 . 2424 578 40 . 1150 642 Parts Sabotaged . | . . . . . . . . . Parts Stolen . | . . . . . . . . . Parts Stripped . | . . . . . . . . . Power Chain Reactions 2 | . . . 1 . . . . 1 Alert | -11 -10 -10 -9 -8 -7 -6 -6 -5 ------- Run | Yrd Mat Min Mat Mat Fac Fac DSF Fac Peak Influence 549 | . 150 62 549 406 143 58 185 344 Initial 195 | . . 10 4 195 125 54 40 96 Average 135 | . 35 29 282 267 46 55 104 168 Maximum Alert Level 2 | . . . 2 2 . . . 1 Low Security (%) 71 | 100 100 100 20 27 100 100 100 68 Level 1 25 | . . . 67 70 . . . 31 Level 2 2 | . . . 12 1 . . . . Level 3 . | . . . . . . . . . Level 4 . | . . . . . . . . . Level 5 . | . . . . . . . . . High Security . | . . . . . . . . . Max Security . | . . . . . . . . . Sterilizations 1 | . . . . . . . 1 . Squads Dispatched 15 | . 1 . 5 1 3 1 1 3 Investigation 7 | . 1 . 5 . 1 . . . Extermination 5 | . . . . . 2 1 . 2 Reinforcement 3 | . . . . 1 . . 1 1 Assault . | . . . . . . . . . Garrison . | . . . . . . . . . Intercept . | . . . . . . . . . Searches Triggered . | . . . . . . . . . Construction Impeded 1 | . . . . 1 . . . . Haulers Reinforced . | . . . . . . . . . Active Scanning Responses . | . . . . . . . . . Cargo Convoy Interrupts . | . . . . . . . . . Stealth | -11 -10 -10 -9 -8 -7 -6 -6 -5 --------- Run | Yrd Mat Min Mat Mat Fac Fac DSF Fac Distress Signals 7 | . . . 5 1 . . . 1 Communications Jammed . | . . . . . . . . . Distress Signals . | . . . . . . . . . Times Spotted 133 | . 6 20 45 19 6 . 12 25 Peak Tracking Total 11 | . 5 11 7 4 4 1 4 5 Tactical Retreats 16 | . 1 5 6 2 . . 1 1 Traps | -11 -10 -10 -9 -8 -7 -6 -6 -5 ------- Run | Yrd Mat Min Mat Mat Fac Fac DSF Fac Traps Triggered 5 | . 1 . 2 . 2 . . . Indirectly . | . . . . . . . . . Trap Hack Attempts . | . . . . . . . . . Triggered . | . . . . . . . . . Disarmed . | . . . . . . . . . Reprogrammed 1 | . . . 1 . . . . . Reused 1 | . . . 1 . . . . . Traps Extracted . | . . . . . . . . . Installed . | . . . . . . . . . Triggered 1 | . . . 1 . . . . . Machines | -11 -10 -10 -9 -8 -7 -6 -6 -5 ---------- Run | Yrd Mat Min Mat Mat Fac Fac DSF Fac Machines Disabled 3 | . . . 2 . . . . 1 Max in Single Turn 1 | . . . 1 . . . . 1 Machines Repaired . | . . . . . . . . . Machines Dismantled . | . . . . . . . . . Machines Sabotaged . | . . . . . . . . . Overloaded Fab Kills . | . . . . . . . . . Hacking | -11 -10 -10 -9 -8 -7 -6 -6 -5 --------- Run | Yrd Mat Min Mat Mat Fac Fac DSF Fac Machines Accessed 30 | . 6 1 10 1 10 1 . 1 Terminals 27 | . 6 1 8 1 9 1 . 1 Fabricators . | . . . . . . . . . Repair Stations 3 | . . . 2 . 1 . . . Recycling Units . | . . . . . . . . . Scanalyzers . | . . . . . . . . . Garrison Access . | . . . . . . . . . Total Hacks 82 | . 18 2 33 1 26 1 . 1 Successful 34 | . 9 2 11 1 10 1 . . Failed 46 | . 9 . 22 . 14 . . 1 Catastrophic 9 | . 3 . 3 . 2 . . 1 Database Lockouts 2 | . . . . . 2 . . . Manual 5 | . 5 . . . . . . . Terminals 75 | . 18 2 29 1 23 1 . 1 Fabricators . | . . . . . . . . . Repair Stations 7 | . . . 4 . 3 . . . Recycling Units . | . . . . . . . . . Scanalyzers . | . . . . . . . . . Garrison Access . | . . . . . . . . . Terminal Hacks 29 | . 9 2 8 1 8 1 . . Record 4 | . . 2 . . 2 . . . Part Schematic 1 | . . . . . 1 . . . Robot Analysis 1 | . 1 . . . . . . . Prototype ID Bank 4 | . 2 . . . 2 . . . Open DSF 2 | . . . . . 1 1 . . Emergency Access Points 1 | . . . 1 . . . . . Terminal Index 1 | . . . . . 1 . . . Alert Level 3 | . 1 . 1 . 1 . . . Unreport Threat 1 | . . . 1 . . . . . Locate Traps 1 | . 1 . . . . . . . Reprogram Traps 1 | . . . 1 . . . . . Security Status 2 | . 1 . 1 . . . . . Surveillance Status 1 | . . . . 1 . . . . Patrol Status 1 | . 1 . . . . . . . Investigation Status 1 | . 1 . . . . . . . Recall Investigation 1 | . 1 . . . . . . . Hauler Manifests 2 | . . . 2 . . . . . Registered Components 1 | . . . 1 . . . . . Fabricator Hacks . | . . . . . . . . . Repair Station Hacks 5 | . . . 3 . 2 . . . Scan Component 3 | . . . 2 . 1 . . . Repair 2 | . . . 1 . 1 . . . Recycling Unit Hacks . | . . . . . . . . . Scanalyzer . | . . . . . . . . . Garrison Access Hacks . | . . . . . . . . . Unauthorized Hacks . | . . . . . . . . . Terminals . | . . . . . . . . . Fabricators . | . . . . . . . . . Repair Stations . | . . . . . . . . . Recycling Units . | . . . . . . . . . Scanalyzers . | . . . . . . . . . Garrison Access . | . . . . . . . . . Data Cores Recovered . | . . . . . . . . . Used . | . . . . . . . . . Hacking Detections 26 | . 5 1 10 . 9 . . 1 Full Trace Events 4 | . 1 . 2 . 1 . . . Feedback Events . | . . . . . . . . . Feedback Blocked . | . . . . . . . . . Robot Schematics Acquired . | . . . . . . . . . Robots Built . | . . . . . . . . . Authchips . | . . . . . . . . . Time . | . . . . . . . . . Total Robot Build Rating . | . . . . . . . . . Part Schematics Acquired 1 | . . . . . 1 . . . Parts Built . | . . . . . . . . . Authchips . | . . . . . . . . . Time . | . . . . . . . . . Total Part Build Rating . | . . . . . . . . . Parts Repaired 2 | . . . 1 . 1 . . . Time 64 | . . . 26 . 38 . . . Parts Recycled . | . . . . . . . . . Recycled Matter . | . . . . . . . . . Retrieved Matter . | . . . . . . . . . Retrieved Components . | . . . . . . . . . Parts Scanalyzed . | . . . . . . . . . Part Schematics Acquired . | . . . . . . . . . Parts Damaged . | . . . . . . . . . Bothacking | -11 -10 -10 -9 -8 -7 -6 -6 -5 ------------ Run | Yrd Mat Min Mat Mat Fac Fac DSF Fac Used RIF Installer . | . . . . . . . . . Robots Hacked 1 | . 1 . . . . . . . Non-combat . | . . . . . . . . . Combat 1 | . 1 . . . . . . . Robot Hacks Applied 1 | . 1 . . . . . . . parse_system 1 | . 1 . . . . . . . Relay Couplers Released . | . . . . . . . . . Fabnet Peak Effective % . | . . . . . . . . . Robots Rewired . | . . . . . . . . . Allies Hacked . | . . . . . . . . . Hacks Repelled . | . . . . . . . . . Allies | -11 -10 -10 -9 -8 -7 -6 -6 -5 -------- Run | Yrd Mat Min Mat Mat Fac Fac DSF Fac Total Allies . | . . . . . . . . . Largest Group . | . . . . . . . . . Highest-Rated Group . | . . . . . . . . . Highest-Rated Ally . | . . . . . . . . . Total Orders . | . . . . . . . . . Ally Attacks . | . . . . . . . . . Total Damage . | . . . . . . . . . Kills . | . . . . . . . . . Allies Corrupted . | . . . . . . . . . Allies Melted . | . . . . . . . . . Intel | -11 -10 -10 -9 -8 -7 -6 -6 -5 ------- Run | Yrd Mat Min Mat Mat Fac Fac DSF Fac Robot Analysis Total 1 | . 1 . . . . . . . Derelict Logs Recovered 1 | . . 1 . . . . . . Drone Launches . | . . . . . . . . . Drone Recoveries . | . . . . . . . . . Exploration | -11 -10 -10 -9 -8 -7 -6 -6 -5 ------------- Run | Yrd Mat Min Mat Mat Fac Fac DSF Fac Turns Passed 7375 | 125 1016 266 1420 826 1993 261 317 1151 Spaces Moved 3876 | 80 593 214 1355 362 719 103 86 364 Core 47 | 18 . . 26 . . . . 3 Treads 2736 | 62 593 103 349 362 719 103 86 359 Legs 2 | . . . . . . . . 2 Wheels . | . . . . . . . . . Hover . | . . . . . . . . . Flight 1091 | . . 111 980 . . . . . Fastest Speed 31 | 50 160 37 31 160 250 250 250 167 Average Speed 155 | 135 160 101 66 175 250 250 250 259 Slowest Speed 1450 | 160 160 160 160 250 250 250 250 1450 Overloaded Moves . | . . . . . . . . . Propulsion Burnouts . | . . . . . . . . . Robots Hopped 2 | . . . 2 . . . . . Cave-ins Triggered . | . . . . . . . . . Exploration Rate (%) 36 | 6 70 51 69 27 13 2 85 8 Regions Visited 8 Branch Regions 1 Pre-discovered Areas . | . . . . . . . . . Known Exits Taken 3 | . . . . 1 1 1 . . Unknown Exits Taken 4 | 1 1 1 1 . . . . . Scrap Searched 3 | . . 3 . . . . . . Spaces Dug 46 | . . . 46 . . . . . Terrain Destroyed 202 | . . . 82 19 1 . . 100 Melee . | . . . . . . . . . Projectile 10 | . . . . . 1 . . 9 AOE 192 | . . . 82 19 . . . 91 Terrain Rammed . | . . . . . . . . . Walls Destroyed . | . . . . . . . . . Machines Disabled . | . . . . . . . . . Actions | -11 -10 -10 -9 -8 -7 -6 -6 -5 --------- Run | Yrd Mat Min Mat Mat Fac Fac DSF Fac Total 4796 | 96 639 239 1736 479 881 107 139 480 Wait 387 | . 4 1 209 37 104 . 10 22 Move 3864 | 79 592 213 1350 361 718 102 85 364 Hop 2 | . . . 2 . . . . . Pick Up 100 | 11 11 3 15 21 19 2 4 14 Fast Attach 29 | 1 . 1 20 . 2 . 5 . Attach 56 | 5 1 4 12 5 4 2 2 21 Detach 6 | . . 1 5 . . . . . Swap 28 | . 5 . 9 6 3 1 3 1 Drop 54 | . 10 1 19 5 13 . 3 3 Fire 238 | . 14 15 94 37 18 . 25 35 Melee 24 | . 2 . . . . . 2 20 Ram . | . . . . . . . . . Kick . | . . . . . . . . . Crush 8 | . . . 1 7 . . . . Escape Stasis . | . . . . . . . . . Rewire . | . . . . . . . . . Trap . | . . . . . . . . . Miscellaneous . | . . . . . . . . . Route ------- -11/Scrapyard -10/Materials (discovered 2 exits: *Mat / *Min) -10/Mines (discovered 2 exits: *Mat x2) -9/Materials -8/Materials -7/Factory (discovered 2 exits: *Fac / Sto) -6/Factory -6/DSF -5/Factory History --------- Turn | Location | Event 13 | -11/Scrapyard | Discovered new exit (range 15) 126 | -11/Scrapyard | Entered Materials 301 | -10/Materials | Build established: Mutant 385 | -10/Materials | Discovered new exit (range 15) 885 | -10/Materials | Discovered new exit (range 13) 1142 | -10/Materials | Entered Mines 1281 | -10/Mines | Assembled infested the area 1286 | -10/Mines | Assisted by a Guerilla fighting off Assembled 1349 | -10/Mines | Core integrity fell below 50% 1352 | -10/Mines | Core integrity fell below 20% 1379 | -10/Mines | Lost 4 parts (2n2w) 1392 | -10/Mines | Discovered new exit (range 15) 1405 | -10/Mines | Discovered new exit (range 8) 1408 | -10/Mines | Entered Materials 1408 | -9/Materials | Evolved 2 slots: Propulsion x2 2015 | -9/Materials | Repaired Flight Unit 2079 | -9/Materials | Core integrity fell below 50% 2114 | -9/Materials | Lost 5 parts (1p3n1u) 2791 | -9/Materials | Discovered new exit (range 16) 2828 | -9/Materials | Entered another Materials area 2828 | -8/Materials | Evolved 2 slots: Utility x1, Weapon x1 3123 | -8/Materials | Build established: Skirmisher 3563 | -8/Materials | Discovered new exit (range 12) 3649 | -8/Materials | Identified exit to Factory 3654 | -8/Materials | Entered Factory 3654 | -7/Factory | Evolved 2 slots: Utility x1, Weapon x1 3655 | -7/Factory | Identified exit to Storage 3782 | -7/Factory | Central database locked down 3782 | -7/Factory | Central database locked down 4020 | -7/Factory | Repaired Arm. Treads 5570 | -7/Factory | Discovered new exit (range 9) 5595 | -7/Factory | Identified exit to Factory 5647 | -7/Factory | Entered another Factory area 5647 | -6/Factory | Evolved 2 slots: Utility x2 5840 | -6/Factory | Identified exit to DSF 5908 | -6/Factory | Entered DSF 5966 | -6/DSF | Additional patrols routed to DSF 6035 | -6/DSF | Lost 3 parts (1n2u) 6160 | -6/DSF | Sterilization system engaged 6174 | -6/DSF | Lost 4 parts (1p1n1u1w) 6180 | -6/DSF | Ambient heat levels rising (+10) 6181 | -6/DSF | Discovered new exit (range 16) 6195 | -6/DSF | Ambient heat levels rising (+10) 6210 | -6/DSF | Ambient heat levels rising (+10) 6223 | -6/DSF | Identified exit to Factory 6225 | -6/DSF | Ambient heat levels rising (+10) 6225 | -6/DSF | Entered Factory 6225 | -5/Factory | Evolved 2 slots: Weapon x2 7117 | -5/Factory | Lost 4 parts (1p3w) 7126 | -5/Factory | Core integrity fell below 50% 7205 | -5/Factory | Lost 3 parts (1n2u) 7246 | -5/Factory | Lost 3 parts (1p1n1w) 7341 | -5/Factory | System corruption reached 10% 7361 | -5/Factory | Core integrity fell below 20% 7376 | -5/Factory | Destroyed by P-70 Sage with High-powered Shock Rifle Last Messages --------------- K-01 Serf collects debris. Acquired Corrupted Carbon-fiber Leg. ALERT: Rogue bot located, Programmers report to Factory Zone 4N. Acquired Lance. System corrupted: Component data lost. Greatsword destroyed. Arm. Treads destroyed. NZPBHB#2M6&>ASKPFHWSJNBS Carbon-fiber Leg destroyed. P-70 Sage suffers critical hit (Impale). Imp. Treads destroyed. Lrn. Tractor Beam destroyed. KE Penetrator destroyed. P-70 Sage suffers critical hit (Impale). Destroyed Imp. Heat Sink. Flexi-carbon Leg destroyed. Terrain Scanner destroyed. Lance destroyed. EU%&DI7